 Dungeon Crawl Stone Soup version 0.19-a0-252-g247cc30 (webtiles) character file.

10878 Etesian the Nimble (level 11, -26/48 HPs)
             Began as a Deep Elf Earth Elementalist on May 25, 2016.
             Was a High Priest of Sif Muna.
             Annihilated by a hill giant
             ... wielding a +0 giant spiked club
              (33 damage)
             ... on level 11 of the Dungeon.
             The game lasted 00:54:55 (15309 turns).

Etesian the Nimble (Deep Elf Earth Elementalist)   Turns: 15309, Time: 00:54:56

Health: -26/48     AC:  8    Str:  5    XL:     11   Next: 42%
Magic:  19/29      EV: 19    Int: 24    God:    Sif Muna [*****.]
Gold:   47         SH:  0    Dex: 15    Spells: 4 memorised, 18 levels left

rFire  + . .     SeeInvis .     a - +1 dagger (venom)
rCold  . . .     Gourm    .     H - +1 robe {rF+}
rNeg   . . .     Faith    .     (no shield)
rPois  .         Spirit   .     N - +0 helmet
rElec  .         Dismiss  .     u - +2 cloak {+Inv}
rCorr  .         Reflect  .     W - +0 pair of gloves
SustAt .         Harm     .     (no boots)
MR     ++...                    (no amulet)
Stlth  +++.......               q - ring of protection from magic
                                j - ring of stealth

@: very resistant to hostile enchantments, fairly stealthy
A: frail 1, high mp 1
a: Channel Energy, Forget Spell, Renounce Religion, Evoke Invisibility


You were on level 11 of the Dungeon.
You worshipped Sif Muna.
Sif Muna was extremely pleased with you.
You were hungry.

You visited 2 branches of the dungeon, and saw 12 of its levels.
You also visited: Ossuary.

You collected 447 gold pieces.
You spent 400 gold pieces at shops.

Inventory:

Hand Weapons
 a - a +1 dagger of venom (weapon)
 w - a +3 dagger of holy wrath
 U - a +2 scimitar of flaming
Missiles
 b - 163 stones (quivered)
 m - 2 throwing nets
Armour
 u - a +2 cloak of invisibility (worn)
 H - a +1 robe of fire resistance (worn)
 N - a +0 helmet (worn)
 V - a +1 robe of cold resistance
 W - a +0 pair of gloves (worn)
Magical Staves
 y - an uncursed staff of wizardry
Rods
 s - a +0 rod of shadows (14/14)
   (You found it on level 6 of the Dungeon)
Jewellery
 j - a ring of stealth (left hand)
 q - a ring of protection from magic (right hand)
Wands
 I - a wand of lightning (9/15)
 J - a wand of lightning (5/15)
 M - a wand of hasting (5/9)
 R - a wand of digging (10/24)
 T - a wand of teleportation (6/9)
Scrolls
 e - a scroll of immolation
 f - 2 scrolls of enchant armour
 h - a scroll of fog
 o - 2 scrolls of teleportation
 v - 3 scrolls of enchant weapon
 D - a scroll of blinking
 F - 2 scrolls of remove curse
 K - 2 scrolls of fear
Potions
 g - a potion of degeneration {unknown}
 i - a potion of resistance {unknown}
 k - a potion of cure mutation
 l - 3 potions of heal wounds
 n - a potion of brilliance {unknown}
 t - 3 potions of might
 x - a potion of ambrosia
 z - 3 potions of haste
 A - 2 potions of berserk rage
 B - 2 potions of curing
 C - a potion of magic {unknown}
 E - 6 potions of agility
 O - a potion of lignification {unknown}
 S - a potion of cancellation {unknown}
Books
 c - a book of Geomancy

   Spells                             Type                      Level
   a - Sandblast                      Earth                        1
   b - Passwall                       Transmutation/Earth          2
   c - Stone Arrow                    Conjuration/Earth            3
   d - Petrify                        Transmutation/Earth          4
   e - Lee's Rapid Deconstruction     Earth                        5
Miscellaneous
 X - a phantom mirror
Comestibles
 d - 7 bread rations
 r - 3 fruits
 G - 5 meat rations
 L - a slice of pizza
 P - a beef jerky


   Skills:
 * Level 10.8 Dodging
 - Level 2.4 Stealth
 + Level 9.5 Spellcasting
 * Level 9.9 Conjurations
   Level 1.1 Transmutations
 * Level 6.0 Air Magic
 + Level 10.5 Earth Magic


You had 18 spell levels left.
You knew the following spells:

 Your Spells              Type           Power        Failure   Level  Hunger
a - Sandblast             Erth           ######       1%          1    None
b - Stone Arrow           Conj/Erth      ######       1%          3    None
e - Lee's Rapid Deconstr  Erth           ######....   2%          5    ####...
p - Swiftness             Chrm/Air       ####....     2%          2    None


Dungeon Overview and Level Annotations

Branches:
Dungeon (11/15)            Temple (1/1) D:5
   Lair: D:8-11         Orc: D:9-12

Altars:
Ashenzari
Cheibriados
Dithmenos
Elyvilon
Fedhas
Gozag
Hepliaklqana
Kikubaaqudgha
Makhleb
Nemelex Xobeh
Okawaru
Pakellas
Qazlal
Ru
Sif Muna
Trog
Ukayaw
Vehumet
Xom
Yredelemnul
Zin
The Shining One

Shops:
D:7 =   D:8 (}[

Annotations:
D:11 Lososik's ghost, journeyman DsWn


Innate Abilities, Weirdness & Mutations

You are frail. (-10% HP)
You have an increased reservoir of magic. (+10% MP)


Message History

Aiming: Stone Arrow
Press: ? - help, Shift-Dir - straight line, f/p - hill giant
Aim: a hill giant, wielding a giant spiked club (moderately wounded)
The stone arrow hits the hill giant.
The hill giant is severely wounded.
The hill giant hits you with a giant spiked club!!
* * * LOW HITPOINT WARNING * * *
You take 20 damage, and have 6/48 hp.
MASSIVE DAMAGE!!
You now have 20/29 mp.
The worker ant twitches its antennae in your direction.
Casting: Stone Arrow
Confirm with . or Enter, or press ? or * to list all spells.
Aiming: Stone Arrow
Press: ? - help, Shift-Dir - straight line, f/p - hill giant
Aim: a hill giant, wielding a giant spiked club (severely wounded)
The stone arrow misses the hill giant.
The hill giant shouts!
The worker ant closely misses you.
The hill giant hits you with a giant spiked club!!
Ouch! That really hurt!
You die... ###.......#######....... ## ####<.### ##...... ..## #..# ##..... ...P# #######.## #....# #..... bP..P

###.....#.# ......# ##....
..P..##.........# #......##
#....
.P.P............###.......#
##...
#.P.P..........C##........##
#...
#P.P...........a@#.........#
##..
#...P............#.........#
##.
#P.P...<))....#............##
##
...P...a......##............#
#
.P...........####...........#
P....#.......# ###.........##
....####.C...# #..........#
..## ##.....# #..........# ##
#.....# #..........##


You could see 2 hill giants and a worker ant.

Vanquished Creatures
  Erica (D:10)
  An unseen horror (D:11)
  4 hill giants
  Pikel (D:8)
  Joseph (D:7)
  Psyche (D:9)
  Grinder (D:3)
  A shadow (D:11)
  A wraith (Ossuary)
  7 yaks (D:11)
  A hippogriff (D:7)
  A hungry ghost (D:9)
  Edmund (D:4)
  A soldier ant (D:11)
  A black bear (D:9)
  4 slaves
  4 sky beasts
  3 ice beasts
  A wasp (D:9)
  An eye of draining (D:11)
  A necrophage (D:11)
  3 ogres
  4 centaurs
  A crocodile (D:11)
  Blork the orc (D:6)
  8 giant frogs
  A big kobold (D:9)
  4 scorpions
  9 killer bees
  5 wights (D:8)
  6 howler monkeys
  2 crimson imps
  3 hounds
  A giant frog zombie (D:6)
  7 orc priests
  4 jellies
  A giant frog skeleton (D:6)
  3 centaur skeletons
  An iguana (D:8)
  5 orc wizards
  7 worker ants
  A killer bee zombie (D:9)
  A hound skeleton (D:4)
  A mummy (Ossuary)
  A worker ant zombie (D:10)
  7 gnolls
  15 adders
  A river rat (D:11)
  3 shadow imps
  3 oozes
  3 adder skeletons
  2 worms (D:2)
  A dart slug (D:2)
  4 giant geckos
  40 orcs
  3 ball pythons
  7 giant cockroaches
  10 goblins
  9 hobgoblins
  9 jackals
  21 bats
  5 giant newts
  5 gnoll skeletons (Ossuary)
  A goblin zombie (D:6)
  7 kobolds
  4 kobold skeletons (Ossuary)
  16 orc skeletons (Ossuary)
  A quokka skeleton (D:4)
  2 quokka zombies
  14 rats
311 creatures vanquished.

Vanquished Creatures (collateral kills)
  An orc wizard (D:6)
1 creature vanquished.

Vanquished Creatures (others)
  2 fungi (D:11)
  2 plants (D:11)
4 creatures vanquished.

Grand Total: 316 creatures vanquished

Notes
Turn   | Place    | Note
--------------------------------------------------------------
     0 | D:1      | Etesian the Deep Elf Earth Elementalist began the quest for the Orb.
     0 | D:1      | Reached XP level 1. HP: 10/10 MP: 6/6
   181 | D:1      | Reached XP level 2. HP: 15/15 MP: 8/8
   769 | D:1      | Reached XP level 3. HP: 18/19 MP: 10/10
   774 | D:1      | Learned a level 3 spell: Stone Arrow
  1871 | D:2      | Reached XP level 4. HP: 22/24 MP: 11/11
  2443 | D:3      | Reached skill level 5 in Earth Magic
  2532 | D:3      | Noticed an ogre
  2692 | D:3      | Noticed Grinder
  3019 | D:3      | Reached XP level 5. HP: 24/28 MP: 12/12
  3062 | D:3      | Learned a level 5 spell: Lee's Rapid Deconstruction
  3766 | D:4      | Reached XP level 6. HP: 21/32 MP: 10/13
  4311 | D:4      | Noticed Edmund
  4385 | D:3      | Reached skill level 5 in Dodging
  4587 | D:3      | Killed Grinder
  4587 | D:3      | Reached skill level 1 in Conjurations
  4587 | D:3      | Reached XP level 7. HP: 30/36 MP: 8/15
  4784 | D:4      | Killed Edmund
  5050 | D:4      | You fall through a shaft for 2 floors!
  5458 | D:6      | Found a sand-covered staircase.
  5467 | Ossuary  | Entered an ossuary
  5467 | Ossuary  | Noticed a wraith
  5467 | Ossuary  | Noticed a wraith
  5467 | Ossuary  | Noticed a wraith
  5558 | Ossuary  | Reached skill level 5 in Spellcasting
  5688 | Ossuary  | Noticed a wraith
  5775 | Ossuary  | Killed a wraith
  5775 | Ossuary  | Reached XP level 8. HP: 41/41 MP: 13/17
  6151 | D:5      | Entered Level 5 of the Dungeon
  6175 | D:5      | Found a staircase to the Ecumenical Temple.
  6184 | Temple   | Entered the Ecumenical Temple
  6330 | Temple   | Became a worshipper of Sif Muna the Loreminder
  6494 | D:4      | Gained mutation: You are weak. (Str -2) [potion of mutation]
  6494 | D:4      | Gained mutation: You are frail. (-10% HP) [potion of mutation]
  6494 | D:4      | Gained mutation: You have sharp toenails. [potion of mutation]
  6495 | D:4      | Lost mutation: You are weak. (Str -2) [potion of cure mutation]
  6495 | D:4      | Lost mutation: You have sharp toenails. [potion of cure mutation]
  6496 | D:4      | Gained mutation: You have an increased reservoir of magic. (+10% MP) [potion of mutation]
  6496 | D:4      | Gained mutation: You are dopey. (Int -2) [potion of mutation]
  6496 | D:4      | Lost mutation: You are dopey. (Int -2) [potion of mutation]
  6818 | D:5      | Found a stormy altar of Qazlal.
  7141 | D:6      | Noticed Blork the orc
  7157 | D:6      | Killed Blork the orc
  7333 | D:6      | Reached skill level 5 in Conjurations
  7600 | D:6      | Identified a +0 rod of shadows (14/14) (You found it on level 6 of the Dungeon)
  7914 | D:7      | Reached * piety under Sif Muna
  7915 | D:7      | Found Ruwepecite's Jewellery Shop.
  8001 | D:7      | Reached XP level 9. HP: 23/40 MP: 17/23
  8906 | D:7      | Learned a level 2 spell: Swiftness
  9070 | D:7      | Reached ** piety under Sif Muna
  9232 | D:7      | Noticed Joseph
  9242 | D:7      | Killed Joseph
  9585 | D:8      | Noticed a hill giant
  9592 | D:8      | Killed a hill giant
  9592 | D:8      | Reached skill level 1 in Air Magic
  9852 | D:8      | Found a glowing golden altar of the Shining One.
  9852 | D:8      | Found a burning altar of Makhleb.
  9986 | D:8      | Found Cenean's Antique Weapon Emporium.
 10089 | D:8      | Found a sparkling altar of Nemelex Xobeh.
 10092 | D:8      | Noticed Pikel
 10116 | D:8      | Killed Pikel
 10116 | D:8      | Reached XP level 10. HP: 45/45 MP: 10/26
 10367 | D:8      | Found Gilo's Gadget Shop.
 10412 | D:8      | Found Goilus's Antique Armour Shoppe.
 10702 | D:8      | Reached *** piety under Sif Muna
 11333 | D:9      | Noticed a hill giant
 11486 | D:9      | You fall through a shaft for 2 floors!
 11549 | D:10     | Entered Level 10 of the Dungeon
 12013 | D:9      | Killed a hill giant
 12013 | D:9      | Reached skill level 10 in Earth Magic
 12171 | D:9      | Noticed Psyche
 12178 | D:9      | Killed Psyche
 12223 | D:8      | Bought a wand of teleportation (6/9) for 360 gold pieces
 12284 | D:9      | Reached **** piety under Sif Muna
 12727 | D:10     | Noticed Erica
 12829 | D:10     | Killed Erica
 12829 | D:10     | Reached skill level 10 in Dodging
 12829 | D:10     | Reached skill level 5 in Air Magic
 12964 | D:8      | Bought an embroidered robe for 20 gold pieces
 12964 | D:8      | Bought a runed robe for 20 gold pieces
 13235 | D:10     | Reached XP level 11. HP: 32/48 MP: 13/28
 13491 | D:11     | Noticed a hill giant
 13491 | D:11     | Noticed Lososik's ghost (journeyman DsWn)
 14481 | D:11     | Noticed a hill giant
 14605 | D:11     | Killed an unseen horror
 14605 | D:11     | Reached ***** piety under Sif Muna
 14795 | D:11     | Noticed a hill giant
 14886 | D:10     | Killed a hill giant
 14888 | D:10     | Killed a hill giant
 15105 | D:11     | Noticed a hill giant
 15309 | D:11     | Annihilated by a hill giant

Vault maps used:
D:1:      grunt_arrival_crossed_arrows
D:2:      minmay_crystal_water
D:3:      uniq_grinder
D:4:      first_bread, uniq_edmund
D:5:      old_standard_altar, minmay_temple_entry_water_ring
D:6:      enter_ossuary_4, uniq_blork_the_orc
D:7:      serial_shops, nicolae_shop_behind_doors, uniq_joseph
D:8:      gammafunk_temple_overflow_elements, lemuel_crystal_altar,
          serial_shops, nicolae_shop_trees, shop, shop_fountains, uniq_pikel
D:9:      uniq_psyche
D:10:     uniq_erica
D:11:     grunt_lair_entry_orc_guard_hut, serial_shops, shop
Temple:   grunt_circular_temple_18
Ossuary:  ossuary_due_mausoleum

Skill      XL: |  1  2  3  4  5  6  7  8  9 10 11 |
---------------+----------------------------------+-----
Earth Magic    | 4 5 6 7 8 9 10 | 10.5
Dodging        | 3 4 5 6 8 10 | 10.8
Spellcasting   | 4 5 6 8 9 |  9.5
Conjurations   | 1 3 6 8 9 |  9.9
Air Magic      | 2 5 6 |  6.0
Stealth        | |  2.4
Transmutations | |  1.1

Action                   |  1- 3 |  4- 6 |  7- 9 | 10-12 || total
-------------------------+-------+-------+-------+-------++-------
Melee: Dagger            |    94 |    97 |   161 |   195 ||   547
       Unarmed           |     4 |       |       |       ||     4
       Halberd           |       |     3 |    25 |       ||    28
Throw: Stone             |       |       |     2 |     3 ||     5
 Cast: Sandblast         |    22 |    18 |    66 |    65 ||   171
       Stone Arrow       |     2 |    27 |    48 |    66 ||   143
       Lee's Rapid Decon |       |     2 |    19 |    32 ||    53
       Swiftness         |       |       |       |     2 ||     2
Evoke: Rod               |       |       |     2 |       ||     2
  Use: Scroll            |     5 |     2 |    15 |     2 ||    24
       Potion            |       |       |     4 |       ||     4
 Stab: Sleeping          |    10 |     7 |     8 |     3 ||    28
       Distracted        |     1 |       |       |     1 ||     2
  Eat: Chunk             |     3 |    11 |    17 |    21 ||    52
       Meat ration       |       |       |     1 |       ||     1
       Royal jelly       |       |       |       |     1 ||     1
Armor: Robe              |    11 |    31 |    52 |    81 ||   175
Dodge: Dodged            |    66 |    92 |   187 |   275 ||   620
